[Event "Titled Tuesday Blitz December 27 Early 2022"]
[White "Cruz, William Ferreira Da"]
[Black "Marin Ramirez, Gerardo"]
[WhiteFideId "2118050"]
[BlackFideId "3901068"]
[WhiteElo "2216"]
[BlackElo "2127"]
[Result "1-0"]
[Round "06"]
[TimeControl "180+2"]
[Date "2022.12.27"]
[WhiteClock "0:00:07"]
[BlackClock "0:00:02"]

1. d4 d5 2. c4 c6 3. Nc3 Nf6 4. Nf3 e6 5. Bg5 h6 6. Bh4 Be7 7. e3 Nbd7 8. Qc2 b6 9. Rd1 Bb7 10. Bd3 Rc8 11. O-O O-O 12. cxd5 cxd5 13. Qe2 Ne4 14. Bxe7 Qxe7 15. Nb5 a6 16. Na3 b5 17. Nd2 f5 18. f3 Nxd2 19. Qxd2 Nb6 20. Nb1 Nc4 21. Qe2 Qb4 22. b3 Na3 23. Rc1 Nxb1 24. Bxb1 Rc3 25. Rxc3 Qxc3 26. Qd3 Rc8 27. Rd1 Qxd3 28. Bxd3 Rc3 29. Kf2 Kf7 30. Ke2 Ke7 31. Kd2 b4 32. h4 Kd6 33. Rg1 Ke7 34. g4 fxg4 35. fxg4 a5 36. g5 hxg5 37. hxg5 Bc6 38. g6 Be8 39. Rf1 a4 40. Bc2 axb3 41. axb3 Rc7 42. Ra1 Rb7 43. Rh1 Kf6 44. Rf1+ Ke7 45. Rf4 Rc7 46. Rh4 Kf6 47. Rh8 Bxg6 48. Rb8 Rxc2+ 49. Kd1 Rc3 50. Rxb4 Rxe3 51. Rb8 Rd3+ 52. Ke2 Rxd4 53. b4 Rc4 54. b5 Rb4 55. b6 Kf7 56. b7 Ke7 57. Rg8 1-0


[Site "https://www.chess.com"]

[Event "Titled Tuesday Blitz December 27 Early 2022"]
[White "Csonka, Balazs"]
[Black "Babazada, Khazar"]
[WhiteFideId "742910"]
[BlackFideId "13413554"]
[WhiteElo "2496"]
[BlackElo "2474"]
[Result "0-1"]
[Round "06"]
[TimeControl "180+2"]
[Date "2022.12.27"]
[WhiteClock "0:00:04"]
[BlackClock "0:01:14"]

1. e4 d6 2. d4 Nf6 3. Nc3 Nbd7 4. g4 h6 5. h3 e5 6. Nge2 Be7 7. Bg2 c6 8. a4 Qc7 9. O-O Nf8 10. f4 Ne6 11. f5 Ng5 12. Be3 exd4 13. Bxd4 Bd7 14. a5 c5 15. Bf2 Bc6 16. Ng3 O-O-O 17. Re1 Rhe8 18. Qd2 Nd7 19. Nd5 Bxd5 20. exd5 Bf6 21. Rxe8 Rxe8 22. h4 Nh7 23. Nh5 Be5 24. c3 g6 25. fxg6 fxg6 26. Nf4 Ndf6 27. g5 hxg5 28. hxg5 Nxg5 29. Nxg6 Nfe4 30. Qd3 Qf7 31. Bh4 Qxg6 32. Bxg5 Qxg5 33. Qxe4 Bh2+ 34. Kxh2 Rxe4 35. Bxe4 Qh4+ 0-1


[Site "https://www.chess.com"]

[Event "Titled Tuesday Blitz December 27 Early 2022"]
[White "Da Silva Junior, Sediney Mari"]
[Black "Guevara Sanchez, Erick Marvin"]
[WhiteFideId "2132079"]
[BlackFideId "6700136"]
[WhiteElo "2010"]
[BlackElo "2073"]
[Result "1-0"]
[Round "06"]
[TimeControl "180+2"]
[Date "2022.12.27"]
[WhiteClock "0:00:02"]
[BlackClock "0:00:02"]

1. e4 c5 2. c3 e6 3. d4 d5 4. exd5 exd5 5. Nf3 Nf6 6. Bd3 cxd4 7. cxd4 Bd6 8. O-O O-O 9. Bg5 h6 10. Bh4 Bg4 11. h3 Bh5 12. Nc3 Be7 13. Re1 Nbd7 14. Bc2 Rc8 15. Rc1 Re8 16. Qd3 Bg6 17. Qd2 Bxc2 18. Rxc2 Qb6 19. Ne5 Qa5 20. Nxd7 Ne4 21. Nxe4 Qxd2 22. Nxd2 Rxc2 23. Rxe7 Rxe7 24. Bxe7 Rxd2 25. Ba3 Rxd4 26. Kf1 Rd2 27. Ke1 Rc2 28. Nc5 b6 29. Nd3 Kh7 30. Nb4 Rc5 31. Kd2 Rb5 32. Kd3 d4 33. Kxd4 Rg5 34. g3 Rh5 35. h4 Rf5 36. Ke3 Re5+ 37. Kf3 Re8 38. Nd3 Rc8 39. Ke3 Rc2 40. f3 f6 41. Bd6 a6 42. h5 g6 43. hxg6+ Kxg6 44. g4 f5 45. gxf5+ Kxf5 46. Bf8 h5 47. Bg7 h4 48. f4 h3 49. Ne1 h2 50. Nxc2 h1=Q 51. Be5 Qe4+ 52. Kd2 b5 53. Nd4+ Kg4 54. Ne2 Kf3 55. Nc3 Qh7 56. a3 Qd7+ 57. Kc2 Kg4 58. Ne4 Kf5 59. Nc5 Qc6 60. b4 Qg2+ 61. Kc3 Qf3+ 62. Kd4 Qf2+ 63. Kd5 Qd2+ 64. Kc6 1-0


[Site "https://www.chess.com"]

[Event "Titled Tuesday Blitz December 27 Early 2022"]
[White "Darini, Pouria"]
[Black "Ferreira, Vitor Hugo Vieira"]
[WhiteFideId "12502200"]
[BlackFideId "2119765"]
[WhiteElo "2401"]
[BlackElo "2128"]
[Result "1-0"]
[Round "06"]
[TimeControl "180+2"]
[Date "2022.12.27"]
[WhiteClock "0:00:08"]
[BlackClock "0:00:19"]

1. e4 c6 2. d4 d5 3. e5 Bf5 4. h4 h6 5. g4 Bd7 6. Be3 e6 7. Nc3 Qb6 8. a3 c5 9. Nge2 cxd4 10. Bxd4 Bc5 11. Bxc5 Qxc5 12. Qd4 Qxd4 13. Nxd4 a6 14. h5 Ne7 15. f4 Nbc6 16. Nce2 O-O-O 17. O-O-O Rdf8 18. Bh3 f6 19. exf6 gxf6 20. Nb3 b6 21. Nc3 Rhg8 22. Rhe1 f5 23. gxf5 Nxf5 24. Ne2 Ne3 25. Rd3 Nf5 26. Nd2 Kc7 27. c4 d4 28. Nf3 Na5 29. b3 b5 30. Bxf5 Rxf5 31. Nfxd4 Rxh5 32. cxb5 axb5 33. Rc3+ Kb7 34. Ng3 Rh3 35. Ne4 Rxc3+ 36. Nxc3 Rg3 37. Ne4 Rd3 38. Nc5+ Kb6 39. Nxd3 h5 40. Kb2 Nb7 41. Nxe6 h4 42. Ng5 Bf5 43. Ne5 Nc5 44. Rh1 h3 45. Nxh3 Ne4 46. Ng5 Ng3 47. Rh6+ Kc5 48. b4+ Kd4 49. Ngf3+ Ke3 50. Nd2 Kxf4 51. Nc6 Ne2 52. Rf6 Kg4 53. Ne5+ Kg5 54. Rf8 Be6 55. Nf7+ Kf6 56. Nd8+ Ke7 57. Nxe6 Kxe6 58. Re8+ Kd5 59. Rxe2 Kd4 60. Nb3+ Kd3 61. Re5 Kc4 62. Rxb5 Kd3 63. Rc5 Ke4 64. b5 1-0


[Site "https://www.chess.com"]

[Event "Titled Tuesday Blitz December 27 Early 2022"]
[White "Deac, Bogdan-Daniel"]
[Black "Martinez Alcantara, Jose Eduardo"]
[WhiteFideId "1226380"]
[BlackFideId "3805662"]
[WhiteElo "2700"]
[BlackElo "2619"]
[Result "0-1"]
[Round "06"]
[TimeControl "180+2"]
[Date "2022.12.27"]
[WhiteClock "0:00:04"]
[BlackClock "0:00:23"]

1. d4 Nf6 2. c4 e6 3. Nc3 Bb4 4. Qc2 d5 5. cxd5 exd5 6. Bg5 h6 7. Bxf6 Qxf6 8. a3 Bxc3+ 9. Qxc3 Bf5 10. e3 Nd7 11. Ne2 O-O 12. Rc1 c6 13. Ng3 Be6 14. b4 a6 15. Be2 Qe7 16. O-O Rfc8 17. a4 Nf6 18. Qb2 Bd7 19. Bd3 Qd6 20. Nf5 Bxf5 21. Bxf5 Rc7 22. Rc5 g6 23. Bd3 Ng4 24. g3 h5 25. Rfc1 Re7 26. Be2 Nf6 27. Bf3 Nd7 28. R5c2 Nb6 29. Qb3 Nc4 30. Rxc4 dxc4 31. Rxc4 Qf6 32. Bg2 h4 33. Rc5 Rd8 34. b5 cxb5 35. axb5 a5 36. b6 Rd6 37. Rxa5 Rxb6 38. Ra8+ Kg7 39. Qc2 Qf5 40. Qxf5 gxf5 41. Bh3 Rb5 42. Kg2 Rc7 43. Ra2 Kf6 44. Kf3 Kg5 45. Rd2 Ra5 46. Bf1 Rc1 47. Bd3 Ra3 48. Be2 h3 49. d5 Ra8 50. d6 Rd8 51. d7 Kf6 52. Rd5 Ke6 53. Rb5 Rxd7 54. Rb6+ Ke7 55. Rh6 Rd2 56. Rb6 Rcc2 57. Rxb7+ Kf8 58. Rb8+ Kg7 0-1


[Site "https://www.chess.com"]

[Event "Titled Tuesday Blitz December 27 Early 2022"]
[White "Derjabin, Ilja"]
[Black "Galchenko, Matvey"]
[WhiteFideId "14104768"]
[BlackFideId "24175480"]
[WhiteElo "2333"]
[BlackElo "2438"]
[Result "1/2-1/2"]
[Round "06"]
[TimeControl "180+2"]
[Date "2022.12.27"]
[WhiteClock "0:00:07"]
[BlackClock "0:00:03"]

1. d4 Nf6 2. c4 c5 3. d5 e6 4. Nc3 exd5 5. cxd5 d6 6. e4 g6 7. Nge2 h5 8. Bg5 Bg7 9. Qd2 a6 10. a4 Qe7 11. f3 Nbd7 12. Nf4 h4 13. Be2 Rb8 14. O-O Ne5 15. Rae1 c4 16. h3 b5 17. axb5 axb5 18. Nd1 Qa7+ 19. Kh1 Nh7 20. Bxh4 Qc7 21. Bg3 Nf6 22. Ne3 Nfd7 23. Ne6 fxe6 24. dxe6 Nc5 25. Nd5 Qb7 26. Bxe5 Bxe5 27. Qg5 Bxe6 28. f4 Bd4 29. Bf3 Qf7 30. f5 Bxd5 31. fxg6 Qg7 32. exd5+ Be5 33. Bg4 Rg8 34. Be6 Qxg6 35. Qxg6+ Rxg6 36. Bf7+ Kd8 37. Bxg6 Rb6 38. Rf7 b4 39. Ref1 Kc8 40. Bf5+ Kb8 41. Be6 c3 42. Re7 Ka8 43. Rf8+ Rb8 44. Rxb8+ Kxb8 45. bxc3 b3 46. Bf5 b2 47. Rxe5 dxe5 48. Bb1 Na4 49. h4 Nxc3 50. Bc2 Nxd5 51. h5 Nf6 52. Kg1 Nxh5 53. Kf2 Kc7 54. Ke3 Kd6 55. g4 Nf6 56. g5 Nd5+ 57. Ke4 b1=Q 58. Bxb1 Nc3+ 59. Kf5 Nxb1 60. g6 Ke7 61. Kxe5 Nc3 62. g7 Kf7 63. Kd4 Kxg7 1/2-1/2


[Site "https://www.chess.com"]

[Event "Titled Tuesday Blitz December 27 Early 2022"]
[White "Diaz, Fernando"]
[Black "Rangel, Daniel"]
[WhiteFideId "3701255"]
[BlackFideId "2124475"]
[WhiteElo "2121"]
[BlackElo "2207"]
[Result "0-1"]
[Round "06"]
[TimeControl "180+2"]
[Date "2022.12.27"]
[WhiteClock "0:00:03"]
[BlackClock "0:00:06"]

1. e4 c5 2. d4 cxd4 3. c3 d3 4. c4 d6 5. Bxd3 e6 6. Nf3 Nf6 7. O-O Be7 8. h3 O-O 9. Nc3 a6 10. Be3 Nbd7 11. Rc1 b6 12. b4 Bb7 13. a3 Re8 14. Qe2 Bf8 15. Rfd1 Qc7 16. Nd2 g6 17. f4 Nh5 18. Qf2 Rab8 19. Na4 Bc6 20. Nc3 Ba8 21. g4 Nhf6 22. Be2 Qd8 23. g5 Nh5 24. Bxh5 gxh5 25. Qh4 b5 26. cxb5 d5 27. Qxh5 Bg7 28. e5 Nf8 29. Nf3 axb5 30. Nd4 Ng6 31. Ncxb5 Qd7 32. Rc7 Qd8 33. Rdc1 Re7 34. Rxe7 Qxe7 35. Nd6 Qa7 36. Qe2 Qxa3 37. b5 Qb4 38. Qd2 Qa3 39. b6 Bf8 40. Rb1 Bxd6 41. exd6 Qxd6 42. Qa5 Nxf4 43. Qa7 Rf8 44. b7 Bxb7 45. Qxb7 Qe5 46. Qb3 Qxg5+ 47. Kf1 Qg2+ 48. Ke1 Ng6 49. Bf2 Qh1+ 50. Ke2 Qe4+ 51. Qe3 Qxb1 0-1


[Site "https://www.chess.com"]

[Event "Titled Tuesday Blitz December 27 Early 2022"]
[White "Dilmukhametov, Artur"]
[Black "White, John S."]
[WhiteFideId "24179922"]
[BlackFideId "2502348"]
[WhiteElo "2276"]
[BlackElo "2235"]
[Result "1/2-1/2"]
[Round "06"]
[TimeControl "180+2"]
[Date "2022.12.27"]
[WhiteClock "0:00:18"]
[BlackClock "0:00:10"]

1. d4 Nf6 2. Nc3 d5 3. Bf4 e6 4. e3 Bd6 5. Bxd6 Qxd6 6. Nf3 c6 7. Bd3 Nbd7 8. Qe2 O-O 9. O-O e5 10. e4 exd4 11. e5 Nxe5 12. Qxe5 Qxe5 13. Nxe5 dxc3 14. bxc3 Re8 15. Rfe1 Bg4 16. g3 Bh5 17. c4 Bg6 18. cxd5 Nxd5 19. Nxg6 hxg6 20. c4 Nb4 21. Bf1 Nc2 22. Rxe8+ Rxe8 23. Rc1 Nd4 24. Kg2 c5 25. Rb1 b6 26. a4 Nc6 27. Bd3 Nb4 28. Bf1 Re4 29. Rd1 Rd4 30. Re1 Kf8 31. f4 Rd2+ 32. Kh3 Ra2 33. Rd1 Rxa4 34. Rd7 Ke8 35. Rb7 Nc6 36. Kg4 Nd4 37. Bd3 Rb4 38. Rxa7 Rb3 39. Bf1 Rb1 40. Bd3 Nc6 41. Ra8+ Kd7 42. Be4 Re1 43. Bxc6+ Kxc6 44. Rc8+ Kd7 45. Rb8 Kc7 1/2-1/2


[Site "https://www.chess.com"]

[Event "Titled Tuesday Blitz December 27 Early 2022"]
[White "Ezat, Mohamed"]
[Black "Mohammed, Zozek Salah Mohammed"]
[WhiteFideId "10600906"]
[BlackFideId "4803361"]
[WhiteElo "2402"]
[BlackElo "2210"]
[Result "0-1"]
[Round "06"]
[TimeControl "180+2"]
[Date "2022.12.27"]
[WhiteClock "0:00:02"]
[BlackClock "0:00:16"]

1. d4 Nf6 2. c4 e5 3. dxe5 Ng4 4. Bf4 Nc6 5. Nf3 Bb4+ 6. Nbd2 f6 7. exf6 Qxf6 8. e3 Qxb2 9. Be2 d6 10. O-O O-O 11. Rb1 Qf6 12. Ne4 Qe7 13. Ng3 Bc5 14. Nd4 Nce5 15. h3 Nf6 16. Ndf5 Qe8 17. Nd4 a6 18. Nb3 Ba7 19. c5 dxc5 20. Rc1 b6 21. Bf3 Rb8 22. Bd5+ Kh8 23. e4 Ng6 24. Be3 Be6 25. Bxe6 Qxe6 26. Qe2 Nxe4 27. Nxe4 Qxe4 28. Qxa6 Ra8 29. Rcd1 c4 30. Nd4 Nh4 31. Nf3 Rxf3 32. gxf3 Nxf3+ 33. Kg2 Nh4+ 34. Kg3 Rf8 0-1


[Site "https://www.chess.com"]

[Event "Titled Tuesday Blitz December 27 Early 2022"]
[White "Fabris, Alberto"]
[Black "Andreev, Konstantin"]
[WhiteFideId "801348"]
[BlackFideId "24239305"]
[WhiteElo "2230"]
[BlackElo "2195"]
[Result "0-1"]
[Round "06"]
[TimeControl "180+2"]
[Date "2022.12.27"]
[WhiteClock "0:02:05"]
[BlackClock "0:02:20"]

1. d4 Nf6 2. Nf3 d5 3. c4 dxc4 4. e3 a6 5. Bxc4 b5 6. Bd3 Bb7 7. O-O e6 8. Nc3 Nbd7 9. Qe2 c5 10. Rd1 Qb6 11. b3 cxd4 12. exd4 Bd6 13. Bb2 O-O 14. Ne4 Nxe4 15. Bxe4 Bxe4 16. Qxe4 Nf6 17. Qh4 Rfd8 18. Ne5 Qb7 19. Rac1 Qd5 0-1


[Site "https://www.chess.com"]

[Event "Titled Tuesday Blitz December 27 Early 2022"]
[White "Flis, Pawel"]
[Black "Petrovic, Aleksa"]
[WhiteFideId "1112864"]
[BlackFideId "967629"]
[WhiteElo "1879"]
[BlackElo "2332"]
[Result "0-1"]
[Round "06"]
[TimeControl "180+2"]
[Date "2022.12.27"]
[WhiteClock "0:00:05"]
[BlackClock "0:00:37"]

1. e4 c6 2. d4 d5 3. Nc3 dxe4 4. Nxe4 Bf5 5. Ng3 Bg6 6. Nf3 e6 7. h4 h6 8. Ne5 Bh7 9. Qf3 Nf6 10. Be3 Bxc2 11. Bc4 Bb4+ 12. Kf1 Bh7 13. a3 Be7 14. Nh5 Kf8 15. Rh3 Nbd7 16. Rd1 Qe8 17. Rg3 Nxe5 18. dxe5 Nxh5 19. Qxh5 Rd8 20. Rxd8 Qxd8 21. Qf3 Bd3+ 22. Bxd3 Qxd3+ 23. Kg1 Bxh4 24. Rh3 Be7 25. Kh2 Qd5 26. Qg4 Qxe5+ 27. Rg3 h5 0-1


[Site "https://www.chess.com"]

[Event "Titled Tuesday Blitz December 27 Early 2022"]
[White "Forgacs, Attila Jr."]
[Black "Andreev, Eduard"]
[WhiteFideId "773654"]
[BlackFideId "14103400"]
[WhiteElo "2264"]
[BlackElo "2413"]
[Result "1-0"]
[Round "06"]
[TimeControl "180+2"]
[Date "2022.12.27"]
[WhiteClock "0:00:06"]
[BlackClock "0:00:10"]

1. e4 c6 2. d4 d5 3. e5 c5 4. dxc5 e6 5. a3 Bxc5 6. b4 Be7 7. Bb2 a5 8. b5 Nd7 9. Nf3 f6 10. c4 Nxe5 11. Nxe5 fxe5 12. cxd5 exd5 13. Bxe5 Nf6 14. Bd3 O-O 15. O-O Ne4 16. Nc3 Bf5 17. Qb3 Nd2 18. Qxd5+ Qxd5 19. Nxd5 Bxd3 20. Nxe7+ Kf7 21. Rfd1 Nb3 22. Ra2 Kxe7 23. Rxd3 Nc1 24. Bd6+ Ke6 25. Bxf8 Nxd3 26. Bxg7 Rc8 27. Re2+ Kf5 28. g3 Rc1+ 29. Kg2 Ne1+ 30. Kh3 Nd3 31. Bd4 Rc4 32. Ba7 Ra4 33. Re3 Ne5 34. Rb3 Re4 35. f4 Ng4 36. Rb2 Re3 37. Bxe3 Nxe3 38. Re2 Nc4 39. Re7 b6 40. Rxh7 Nxa3 41. Rb7 Nc4 42. g4+ Kxf4 43. Rf7+ Kg5 44. Kg3 a4 45. h4+ Kg6 46. Rf4 Nb2 47. h5+ Kg7 48. g5 a3 49. Rf1 Nd3 50. Ra1 Ne5 51. Rxa3 Nc4 52. Ra7+ Kg8 53. g6 Nd6 54. h6 Nf5+ 55. Kf4 Nxh6 56. Kg5 Kh8 57. Kxh6 Kg8 58. Ra8# 1-0


[Site "https://www.chess.com"]

[Event "Titled Tuesday Blitz December 27 Early 2022"]
[White "Gabdrakhmanov, Azat"]
[Black "Donskov, Anatoly"]
[WhiteFideId "34189197"]
[BlackFideId "24143413"]
[WhiteElo "2316"]
[BlackElo "2279"]
[Result "1-0"]
[Round "06"]
[TimeControl "180+2"]
[Date "2022.12.27"]
[WhiteClock "0:00:15"]
[BlackClock "0:00:01"]

1. e4 c5 2. Nf3 e6 3. d4 cxd4 4. Nxd4 Nf6 5. Nc3 Nc6 6. Ndb5 Bc5 7. Nd6+ Ke7 8. Bf4 e5 9. Nf5+ Kf8 10. Bg5 d6 11. Bd3 h6 12. Bh4 Bb4 13. O-O Bxc3 14. bxc3 g6 15. Ne3 Kg7 16. Rb1 Rb8 17. Bb5 Be6 18. Qf3 Qe7 19. Rfd1 g5 20. Bg3 Rhd8 21. h3 a6 22. Bc4 b5 23. Bd5 Na5 24. h4 Rbc8 25. hxg5 hxg5 26. Nf5+ Bxf5 27. Qxf5 Nh7 28. Rd3 Qf6 29. Qg4 Qg6 30. Bxf7 Kxf7 31. Rbd1 Nc4 32. Rd5 Nf6 33. Qf3 g4 34. Qd3 Nxd5 35. Qxd5+ Qe6 36. Qb7+ Kg6 37. Qxa6 Rc7 38. Qxb5 Rf8 39. a4 Rc5 40. Qb7 1-0


[Site "https://www.chess.com"]

[Event "Titled Tuesday Blitz December 27 Early 2022"]
[White "Garcia Almaguer, Juan Manuel"]
[Black "Warchol, Kamil"]
[WhiteFideId "5110491"]
[BlackFideId "21858241"]
[WhiteElo "2090"]
[BlackElo "2173"]
[Result "0-1"]
[Round "06"]
[TimeControl "180+2"]
[Date "2022.12.27"]
[WhiteClock "0:00:09"]
[BlackClock "0:00:04"]

1. e4 c5 2. Nf3 e6 3. d4 cxd4 4. Nxd4 Nc6 5. c4 Nf6 6. Nxc6 bxc6 7. Bd3 d5 8. cxd5 cxd5 9. Nc3 dxe4 10. Nxe4 Bb4+ 11. Kf1 O-O 12. Qf3 Nxe4 13. Qxe4 f5 14. Qe2 Bb7 15. a3 Be7 16. Qxe6+ Kh8 17. Be2 f4 18. h4 Rc8 19. Rh3 Bc5 20. Rd3 Qxh4 21. Ke1 Qxf2+ 22. Kd1 Rfe8 23. Qg4 f3 24. Be3 Bxe3 25. Bxf3 Bxf3+ 26. Qxf3 Qg1+ 27. Ke2 Qxa1 28. Rxe3 Qxb2+ 29. Kf1 Rxe3 30. Qxe3 Rc1+ 0-1


[Site "https://www.chess.com"]

[Event "Titled Tuesday Blitz December 27 Early 2022"]
[White "Garcia Ramos, Daniel"]
[Black "Kamsky, Gata"]
[WhiteFideId "32010311"]
[BlackFideId "2000024"]
[WhiteElo "2442"]
[BlackElo "2665"]
[Result "0-1"]
[Round "06"]
[TimeControl "180+2"]
[Date "2022.12.27"]
[WhiteClock "0:00:02"]
[BlackClock "0:00:21"]

1. e4 g6 2. d4 Bg7 3. Nc3 d6 4. Nf3 a6 5. Be3 b5 6. Bd3 Bb7 7. Qd2 e6 8. h4 h6 9. a4 b4 10. Ne2 a5 11. c3 Nf6 12. Ng3 bxc3 13. bxc3 Nbd7 14. Rb1 Qc8 15. Qc2 Ng4 16. Bd2 c5 17. O-O O-O 18. h5 g5 19. Qd1 Ngf6 20. Nxg5 hxg5 21. Bxg5 Nh7 22. Be3 Kh8 23. h6 Bf6 24. Qh5 Ba6 25. Bb5 Bxb5 26. Rxb5 cxd4 27. cxd4 Qc4 28. Rxa5 Rxa5 29. Qxa5 Bxd4 30. Rc1 Qd3 31. Qb5 Qxb5 32. Bxd4+ Qe5 33. Bxe5+ dxe5 34. Rc7 Nhf6 35. f3 Ra8 36. Rc4 Kh7 37. Nf1 Kxh6 38. Nd2 Nb6 39. Rc7 Kg6 40. Nb3 Rxa4 41. Nc5 Rc4 42. Rb7 Rxc5 43. Rxb6 Nh5 44. Kh2 Rc2 0-1


[Site "https://www.chess.com"]

[Event "Titled Tuesday Blitz December 27 Early 2022"]
[White "Gerbelli Neto, Eduardo"]
[Black "Shuvalov, Evgenij"]
[WhiteFideId "2103281"]
[BlackFideId "4187237"]
[WhiteElo "2114"]
[BlackElo "2038"]
[Result "0-1"]
[Round "06"]
[TimeControl "180+2"]
[Date "2022.12.27"]
[WhiteClock "0:01:28"]
[BlackClock "0:01:42"]

1. e4 e6 2. d4 d5 3. Nc3 Bb4 4. Ne2 dxe4 5. a3 Bxc3+ 6. Nxc3 Nc6 7. Be3 Nf6 8. g4 e5 9. g5 Bg4 10. Be2 Bxe2 11. Nxe2 Ng4 12. Rg1 Nxh2 13. Rg3 exd4 14. Bf4 Nf3+ 15. Kf1 Qd7 16. Ng1 Nxg1 17. Kxg1 O-O-O 18. Qe2 Qf5 19. Bd2 Ne5 20. Rb3 Nf3+ 21. Kg2 Qg4+ 0-1


[Site "https://www.chess.com"]

[Event "Titled Tuesday Blitz December 27 Early 2022"]
[White "Gorodetzky, David"]
[Black "Demin, Vladimir"]
[WhiteFideId "2813416"]
[BlackFideId "4167457"]
[WhiteElo "2485"]
[BlackElo "2430"]
[Result "1-0"]
[Round "06"]
[TimeControl "180+2"]
[Date "2022.12.27"]
[WhiteClock "0:01:20"]
[BlackClock "0:00:07"]

1. e4 Nf6 2. e5 Nd5 3. d4 d6 4. Nf3 g6 5. c4 Nb6 6. exd6 cxd6 7. Nc3 Bg7 8. Be3 O-O 9. Rc1 Nc6 10. h3 Bf5 11. d5 Ne5 12. Nxe5 Bxe5 13. Bd3 Bxd3 14. Qxd3 Rc8 15. b3 Nd7 16. O-O Qa5 17. Bd4 Bxd4 18. Qxd4 Qc5 19. Qh4 Nf6 20. Rfe1 Rfe8 21. Re3 Kg7 22. Rce1 Qa5 23. Qd4 Qd8 24. Qxa7 Qd7 25. Qd4 Kf8 26. g4 h5 27. Ne4 Ng8 28. Ng5 Nf6 29. f3 Qc7 30. Nh7+ Kg7 31. Nxf6 exf6 32. Rxe8 1-0


[Site "https://www.chess.com"]

[Event "Titled Tuesday Blitz December 27 Early 2022"]
[White "Graca, Robert"]
[Black "Rohith Krishna S"]
[WhiteFideId "644943"]
[BlackFideId "46617051"]
[WhiteElo "2270"]
[BlackElo "2385"]
[Result "1-0"]
[Round "06"]
[TimeControl "180+2"]
[Date "2022.12.27"]
[WhiteClock "0:01:42"]
[BlackClock "0:01:45"]

1. Nf3 Nc6 2. d4 d5 3. c4 Bg4 4. Nc3 dxc4 5. d5 Bxf3 6. exf3 Ne5 7. Bf4 Ng6 8. Bxc4 Nxf4 9. Bb5+ c6 10. dxc6 a6 11. c7+ axb5 12. cxd8=Q+ Rxd8 13. Qb3 b4 14. Qa4+ Rd7 15. Rd1 Nf6 16. Qa8+ 1-0


[Site "https://www.chess.com"]

[Event "Titled Tuesday Blitz December 27 Early 2022"]
[White "Grigorov, Grigor"]
[Black "Jobava, Baadur"]
[WhiteFideId "2907313"]
[BlackFideId "13601520"]
[WhiteElo "2510"]
[BlackElo "2578"]
[Result "0-1"]
[Round "06"]
[TimeControl "180+2"]
[Date "2022.12.27"]
[WhiteClock "0:00:03"]
[BlackClock "0:00:11"]

1. Nf3 d5 2. g3 c6 3. Bg2 Bg4 4. O-O e6 5. c4 Nd7 6. cxd5 exd5 7. d3 Ngf6 8. Nc3 Be7 9. Qc2 O-O 10. h3 Bxf3 11. Bxf3 Re8 12. e4 dxe4 13. dxe4 Bf8 14. Bg2 h5 15. f4 Nc5 16. e5 Nd5 17. Qe2 h4 18. g4 Nxc3 19. bxc3 Qd3 20. Qxd3 Nxd3 21. Rb1 Bc5+ 22. Kh2 Re7 23. Rd1 Nxc1 24. Rdxc1 Be3 25. Rf1 Rd8 26. Rb2 Rd3 27. Rc2 g5 28. fxg5 Rxe5 29. Rf3 Rd1 30. Bf1 Bxg5 31. Bc4 Re4 32. Bxf7+ Kg7 33. Bb3 Ree1 34. Rff2 Rh1+ 35. Kg2 Rdg1+ 36. Kf3 Rxh3+ 37. Ke4 Re3+ 38. Kf5 Bf6 39. Rce2 Rxe2 40. Rxe2 h3 41. Rh2 Rg3 42. Kf4 Rxc3 43. g5 Bd8 44. Kg4 Rc5 45. Rxh3 Rxg5+ 46. Kf4 Rb5 47. Rd3 Bc7+ 48. Ke4 Kf6 49. Rd7 Rb4+ 50. Kd3 Be5 51. Rf7+ Kg6 52. Re7 Kf5 53. Rf7+ Bf6 54. Rd7 a5 55. Bf7 Ke5 56. Bg8 Bh4 57. Bf7 Bf2 58. Bg8 Bc5 59. Bf7 Bd6 60. Bg8 Rd4+ 61. Kc2 b5 62. Rd8 Rg4 63. Re8+ Kd4 64. Be6 Rg2+ 65. Kd1 a4 66. Rc8 c5 67. Bd7 Kc4 68. Be6+ Kb4 69. Rd8 Be5 70. Rd2 Rg1+ 71. Kc2 Bd4 72. Rh2 c4 73. Rh5 Rg2+ 74. Kd1 Rxa2 75. Bd7 Bc5 76. Kc1 a3 77. Kb1 Rb2+ 78. Ka1 Rd2 79. Bf5 Bd4+ 0-1


[Site "https://www.chess.com"]

[Event "Titled Tuesday Blitz December 27 Early 2022"]
[White "Guha, Eshan"]
[Black "Moreno Perez, Tobias Sebastian"]
[WhiteFideId "30958628"]
[BlackFideId "186716"]
[WhiteElo "2071"]
[BlackElo "2256"]
[Result "0-1"]
[Round "06"]
[TimeControl "180+2"]
[Date "2022.12.27"]
[WhiteClock "0:00:14"]
[BlackClock "0:00:11"]

1. b3 e5 2. Bb2 Nc6 3. e3 g6 4. f4 Bg7 5. Bb5 Nge7 6. Nf3 O-O 7. fxe5 d6 8. O-O Nxe5 9. Nc3 Nxf3+ 10. Qxf3 c6 11. Bd3 d5 12. Rab1 Nf5 13. Ne2 Bxb2 14. Rxb2 Re8 15. Rbb1 Qa5 16. b4 Qxa2 17. Nc3 Qxb1 18. Nxb1 b6 19. Nc3 a5 20. bxa5 bxa5 21. Na4 Be6 22. Nc5 a4 23. Ra1 a3 24. Qd1 Reb8 25. Nb3 a2 26. Qc1 Nd6 27. Be2 Ne4 28. Qb2 c5 29. Rxa2 Rxa2 30. Qxa2 c4 31. Nd4 Nxd2 32. g3 Bh3 33. Kf2 Rb6 34. Bf3 Rf6 35. Ke2 Nxf3 36. Nxf3 Bg4 37. Qa8+ Kg7 38. Qxd5 h5 39. h3 Rxf3 40. Qxf3 Bxf3+ 41. Kxf3 f5 42. e4 Kf6 43. exf5 Kxf5 44. Ke3 Ke5 45. g4 h4 46. g5 Kf5 47. Kd4 Kxg5 48. Kxc4 Kf4 49. Kd5 g5 50. c4 g4 51. hxg4 h3 52. c5 h2 53. c6 h1=Q+ 54. Kd6 Qh6+ 55. Kd7 Qg7+ 56. Kd6 Qf8+ 57. Kd7 Ke5 58. c7 Qd6+ 59. Kc8 Qa6+ 60. Kb8 Qb6+ 61. Kc8 Kd6 0-1


[Site "https://www.chess.com"]

[Event "Titled Tuesday Blitz December 27 Early 2022"]
[White "Guliev, Logman"]
[Black "Sharifov, Mekhriddin"]
[WhiteFideId "13400061"]
[BlackFideId "14701545"]
[WhiteElo "2250"]
[BlackElo "2209"]
[Result "1-0"]
[Round "06"]
[TimeControl "180+2"]
[Date "2022.12.27"]
[WhiteClock "0:00:33"]
[BlackClock "0:00:02"]

1. e4 c5 2. Nf3 a6 3. c3 d5 4. exd5 Qxd5 5. d4 Nf6 6. Bd3 Bg4 7. dxc5 e6 8. b4 Nc6 9. O-O Rd8 10. Be2 Qh5 11. Qb3 Qg6 12. Bf4 Be7 13. Nbd2 O-O 14. Nc4 Ne4 15. Bc7 Rd7 16. Nfe5 Bxe2 17. Nxg6 fxg6 18. Ne3 Rxc7 19. Qxe6+ Kh8 20. Qxe4 Bxf1 21. Rxf1 Rd7 22. a4 Bf6 23. Nd5 Be5 24. b5 axb5 25. axb5 Re8 26. bxc6 bxc6 27. Nf4 Rf7 28. Qxc6 Rd8 29. g3 g5 30. Qe6 Rxf4 31. gxf4 Bxf4 32. Qe7 Rc8 33. Rd1 1-0


[Site "https://www.chess.com"]

[Event "Titled Tuesday Blitz December 27 Early 2022"]
[White "Gurevich, Dmitry"]
[Black "Golizadeh, Asghar"]
[WhiteFideId "2000407"]
[BlackFideId "12505269"]
[WhiteElo "2393"]
[BlackElo "2455"]
[Result "0-1"]
[Round "06"]
[TimeControl "180+2"]
[Date "2022.12.27"]
[WhiteClock "0:00:45"]
[BlackClock "0:00:14"]

1. d4 Nf6 2. c4 c5 3. Nf3 cxd4 4. Nxd4 e6 5. Nc3 Bb4 6. g3 O-O 7. Bg2 d5 8. cxd5 Nxd5 9. Bd2 Nxc3 10. bxc3 Be7 11. O-O e5 12. Nb3 Nc6 13. Be3 Qc7 14. Rb1 Bf5 15. Rb2 Rad8 16. Rd2 Rxd2 17. Qxd2 Rd8 18. Qc1 b6 19. Rd1 Rc8 20. h3 a5 21. Nd2 Nd4 22. Bxd4 exd4 23. c4 Bc5 24. Ne4 Bxe4 25. Bxe4 Re8 26. Bf3 d3 27. e3 Rxe3 28. Kg2 Rxf3 29. Kxf3 Qc6+ 30. Kf4 Qf6+ 31. Ke4 Qd4+ 32. Kf3 Qxf2+ 33. Ke4 Qe2+ 34. Kf4 Bd6+ 0-1


[Site "https://www.chess.com"]